 Dungeon Crawl Stone Soup version 0.28.0-53-g5a82cb258f (webtiles) character file.

Game seed: 12195768119865094076

13251 styxcanada the Unseen (level 11, -7/56 HPs)
             Began as a Spriggan Brigand on July 25, 2022.
             Was an Initiate of Gozag.
             Killed from afar by an acid dragon (25 damage)
             ... with a splash of acid
             ... on level 9 of the Dungeon on July 28, 2022.
             The game lasted 01:00:26 (13922 turns).

styxcanada the Unseen (Spriggan Brigand)           Turns: 13922, Time: 01:00:29

Health: -7/56      AC:  3    Str:  7    XL:     11   Next: 73%
Magic:  19/19      EV: 26    Int: 12    God:    Gozag
Gold:   865        SH:  0    Dex: 22    Spells: 19/19 levels left

rFire   + . .      SeeInvis +   g - +2 dagger (drain)
rCold   . . .      Faith    .   (no shield)
rNeg    . . .      Spirit   .   b - +0 robe
rPois   .          Reflect  .   (helmet restricted)
rElec   .          Harm     .   p - +0 cloak "Raefit" {Stlth+}
rCorr   .          Rampage  .   (gloves unavailable)
Will    +....                   (boots unavailable)
Stlth   ++++++++..              (no amulet)
HPRegen 0.18/turn               o - +4 ring of slaying
MPRegen 0.16/turn               q - ring of protection from fire

@: gold aura, studying Summonings, very quick
A: very small, no large weapons, unfitting armour, see invisible, speed 3
a: Renounce Religion, Potion Petition, Call Merchant, Bribe Branch


You were on level 9 of the Dungeon.
You worshipped Gozag.
Gozag was pleased with you.
You visited 2 branches of the dungeon, and saw 10 of its levels.
You also visited: Bailey.

You collected 1781 gold pieces.
You spent 185 gold pieces at shops.
You paid 731 gold pieces to Gozag.

Inventory:

Hand Weapons
 a - a +2 dagger
 g - a +2 dagger of draining (weapon)
 l - a +4 vorpal hunting sling
Missiles
 d - 7 poisoned darts (quivered)
 f - 469 stones
 r - 59 sling bullets
 s - 6 atropa-tipped darts
 D - 4 curare-tipped darts
Armour
 b - a +0 robe (worn)
 p - the +0 cloak "Raefit" (worn) {Stlth+}
   (You bought it in a shop on level 1 of the Dungeon)

   Stlth:     It makes you more stealthy.
Magical Staves
 k - a staff of air
Jewellery
 o - a +4 ring of slaying (left hand)
 q - a ring of protection from fire (right hand)
 y - a +6 ring of intelligence
Wands
 v - a wand of flame (7)
 z - a wand of mindburst (19)
 B - a wand of digging (5)
 C - a wand of paralysis (11)
 F - a wand of acid (2)
Scrolls
 e - 2 scrolls of magic mapping
 i - 4 scrolls of enchant armour
 j - a scroll of silence
 n - a scroll of teleportation
 w - 2 scrolls of enchant weapon
 x - 2 scrolls of summoning
Potions
 c - a potion of flight
 h - a potion of resistance
 m - 3 potions of haste
 t - 3 potions of cancellation
 u - 2 potions of magic
 A - a potion of mutation
 E - 2 potions of curing
 G - 2 potions of lignification {unknown}
 H - a potion of brilliance


   Skills:
 + Level 5.3 Fighting
 + Level 6.8 Short Blades
 + Level 8.1(9.3) Slings
 + Level 5.9(7.3) Throwing
 * Level 10.0 Dodging
 * Level 15.8 Stealth
 - Level 1.8 Shields
 - Level 4.7 Spellcasting
 * Level 9.7 Evocations


You had 19 spell levels left.
You didn't know any spells.
Your spell library contained the following spells:

 Spells                   Type           Power      Damage    Failure   Level
 Scorch                   Fire           4%         2d5       30%         2
 Gell's Gravitas          Tloc           2%         N/A       52%         3
 Teleport Other           Tloc           2%         N/A       52%         3
 Flame Wave               Conj/Fire      2%         2d4       90%         4
 Fireball                 Conj/Fire      1%         3d3       99%         5
 Dispersal                Tloc           1%         N/A       100%        6
 Starburst                Conj/Fire      1%         6d3       100%        6
 Summon Cactus Giant      Summ           1%         N/A       100%        6
 Ignition                 Fire           1%         3d3       100%        8


Dungeon Overview and Level Annotations

Branches:
Dungeon (9/15)             Temple (1/1) D:4            Lair (0/6) D:9
 Bailey (visited)
    Orc: D:9-12

Altars:
Ashenzari
Cheibriados
Dithmenos
Fedhas
Gozag
Hepliaklqana
Kikubaaqudgha
Makhleb
Nemelex Xobeh
Okawaru
Qazlal
Ru
Sif Muna
Trog
Uskayaw
Vehumet
Wu Jian
Xom
Yredelemnul
Zin
The Shining One

Shops:
D:1 [   D:9 =


Innate Abilities, Weirdness & Mutations

You are very small and have problems with some larger weapons.
You are too small for most types of armour.
You have supernaturally acute eyesight. (SInv)
You cover ground extremely quickly. (Speed+++)


Message History

Your Dodging skill increases to level 10!
You catch the helpless vampire mosquito completely off-guard!
You spit the vampire mosquito like a pig!!!
You destroy the vampire mosquito!
The orc wizard is no longer distracted by gold.
The orc wizard is distracted by your dazzling golden aura.
The orc wizard shouts!
You puncture the bullfrog! You drain the bullfrog.
The bullfrog is heavily wounded.
You hear an angry buzzing noise.
The orc wizard is no longer distracted by gold.
The bullfrog hits you.
The orc wizard casts a spell.
The orc wizard flickers and vanishes for a moment.
You hit the bullfrog.
The bullfrog is severely wounded.
The bullfrog is distracted by your dazzling golden aura.
You hit the bullfrog.
The bullfrog is no longer distracted by gold.
The bullfrog is almost dead.
The bullfrog completely misses you.
The orc warrior is distracted by your dazzling golden aura.
The acid dragon is distracted by your dazzling golden aura.
You closely miss the bullfrog.
The bullfrog is almost dead.
The acid dragon roars!
The acid dragon is no longer distracted by gold.
The orc wizard is no longer distracted by gold.
The bullfrog closely misses you.
An orc priest comes into view. It is wielding a +0 falchion.
You hear a shout!
You hit the bullfrog.
You kill the bullfrog!
The orc warrior is no longer distracted by gold.
The orc priest is distracted by your dazzling golden aura.
The orc warrior completely misses you. The acid dragon spits acid at you.
The splash of acid hits you!!
You die...
Your body crumbles into a pile of gold.

≈≈≈P≈♣.♣♣♣♣♣.♣♣
♣#..[.### ♣≈♣ #♣.♣♣
#♣.♣ #..)....
♣♣.♣♣#.♣♣♣♣#..>....
♣♣)♣#.♣...#...####
♣♣.#..♣♣.#....#
♣♣.♣#♣♣♣.♣#....#
♣.♣♣ ♣.♣♣#..[.# #
#.# #### #.^.##
.9..##@##Oy..♣
...##


#cooD.# #.ZZoo# ###### #.$"$.# ...... ..##$##. ###### ### ### ## #. ... #### #
You could see an orc warrior, an acid dragon (catching breath), a centaur, an
orc priest (unaware), 2 orc wizards, a howler monkey simulacrum and a howler
monkey zombie (corroded).

Vanquished Creatures
  A two-headed ogre (D:9)
  3 death yaks (D:9)
  A wolf spider (D:9)
  An orc knight (Bailey)
  A manticore (D:9)
  A troll (D:9)
  A hornet (D:9)
  A shadow (D:9)
  8 yaks
  A wyvern (D:7)
  A vampire mosquito (D:9)
  2 steam dragons
  Menkaure (D:6)
  2 water moccasins (D:5)
  8 orc warriors (Bailey)
  2 sky beasts
  An ice beast (D:7)
  A necrophage (D:7)
  3 centaurs
  2 kobold brigands
  2 gnoll sergeants
  3 bullfrogs
  2 scorpions
  11 wights
  4 killer bees (D:6)
  4 crimson imps (D:5)
  4 centaur zombies
  A bullfrog zombie (D:6)
  2 jellies
  7 orc priests
  A centaur skeleton (D:6)
  2 iguanas (D:5)
  Jessica (D:3)
  5 orc wizards
  A hell rat (D:9)
  Natasha (D:2)
  A hound zombie (D:3)
  A hound skeleton (D:4)
  2 howler monkey zombies
  Robin (D:2)
  15 gnolls
  A howler monkey skeleton (D:4)
  11 adders
  An ufetubus (D:5)
  3 worms
  A dart slug (D:1)
  42 orcs
  11 ball pythons
  11 endoplasms
  6 giant cockroaches
  16 goblins
  8 hobgoblins
  13 jackals
  10 kobolds
  5 quokkas
  2 bats
  3 frilled lizards
  3 rats (D:1)
260 creatures vanquished.

Vanquished Creatures (collateral kills)
  A steam dragon (D:8)
  An orc wizard (D:8)
  2 orcs (D:8)
  A kobold (D:8)
5 creatures vanquished.

Vanquished Creatures (others)
  An orc (D:8)
1 creature vanquished.

Grand Total: 266 creatures vanquished

Notes
Turn   | Place    | Note
-------+----------+-------------------------------------------
     0 | D:1      | styxcanada the Spriggan Brigand began the quest for the
                  | Orb.
     0 | D:1      | Reached XP level 1. HP: 10/10 MP: 2/2
    61 | D:1      | Reached skill level 6 in Stealth
   341 | D:1      | Found Ebaqeave's Armour Shop.
   348 | D:1      | Reached XP level 2. HP: 9/14 MP: 3/3
   664 | D:1      | Found a faded altar of an unknown god.
  1257 | D:2      | Reached skill level 7 in Stealth
  1257 | D:2      | Reached XP level 3. HP: 4/18 MP: 4/4
  1317 | D:2      | Noticed Robin
  2334 | D:2      | Reached XP level 4. HP: 23/23 MP: 5/5
  2644 | D:2      | Reached XP level 5. HP: 26/26 MP: 6/6
  2966 | D:2      | Noticed Natasha
  2976 | D:2      | Killed Natasha
  3054 | D:2      | Reached skill level 1 in Slings
  3195 | D:2      | Killed Robin
  3582 | D:3      | Reached skill level 8 in Stealth
  3771 | D:3      | Noticed Jessica
  3785 | D:3      | Killed Jessica
  4216 | D:3      | Reached XP level 6. HP: 32/32 MP: 7/7
  4972 | D:4      | Reached skill level 9 in Stealth
  4999 | D:4      | Found a shimmering blue altar of Sif Muna.
  5444 | D:4      | Found a staircase to the Ecumenical Temple.
  5453 | Temple   | Entered the Ecumenical Temple
  5489 | Temple   | Became a worshipper of Gozag Ym Sagoz the Greedy
  5716 | D:5      | Entered Level 5 of the Dungeon
  5775 | D:5      | Reached XP level 7. HP: 35/35 MP: 8/8
  5835 | D:5      | Reached skill level 1 in Evocations
  5922 | D:5      | Reached skill level 10 in Stealth
  6279 | D:5      | Reached skill level 5 in Dodging
  6279 | D:5      | Reached XP level 8. HP: 40/40 MP: 9/9
  6347 | D:5      | Found a shimmering altar of Xom.
  6765 | D:1      | Bought the +0 cloak "Raefit" {Stlth+} for 185 gold pieces
  7246 | D:5      | Reached skill level 11 in Stealth
  8211 | D:6      | Found a hide-covered altar of Uskayaw.
  8239 | D:6      | Reached skill level 12 in Stealth
  8256 | D:6      | Reached skill level 5 in Short Blades
  8256 | D:6      | Reached skill level 5 in Evocations
  8256 | D:6      | Reached XP level 9. HP: 42/44 MP: 10/10
  8566 | D:6      | Noticed Menkaure
  8569 | D:6      | Killed Menkaure
  8670 | D:6      | Found a snail-covered altar of Cheibriados.
  9059 | D:7      | Reached skill level 13 in Stealth
  9101 | D:7      | Found a flagged portal.
  9120 | Bailey   | Entered a bailey
  9924 | Bailey   | Reached skill level 5 in Slings
  9924 | Bailey   | Reached skill level 5 in Throwing
  9924 | Bailey   | Reached skill level 14 in Stealth
  9924 | Bailey   | Reached skill level 1 in Shields
  9924 | Bailey   | Reached XP level 10. HP: 51/51 MP: 10/18
 10345 | Bailey   | Noticed an orc knight
 10424 | Bailey   | Killed an orc knight
 10882 | D:7      | Reached XP level 11. HP: 54/54 MP: 19/19
 11346 | D:7      | Found a glowing silver altar of Zin.
 11346 | D:7      | Found a hazy altar of Hepliaklqana.
 11465 | D:8      | Found an iron altar of Okawaru.
 11516 | D:8      | Reached skill level 15 in Stealth
 12665 | D:9      | Found a radiant altar of Vehumet.
 13019 | D:9      | Found a staircase to the Lair.
 13021 | D:9      | Noticed a death yak
 13022 | D:9      | Noticed a death yak
 13025 | D:9      | Noticed a death yak
 13127 | D:9      | Killed a death yak
 13165 | D:9      | Killed a death yak
 13210 | D:9      | Killed a death yak
 13211 | D:9      | Reached skill level 5 in Fighting
 13754 | D:9      | Found a burning altar of Makhleb.
 13897 | D:9      | Noticed a wolf spider
 13898 | D:9      | Noticed a two-headed ogre
 13912 | D:9      | Killed a two-headed ogre
 13915 | D:9      | Killed a wolf spider
 13916 | D:9      | Reached skill level 10 in Dodging
 13922 | D:9      | Killed from afar by an acid dragon

Illustrated notes

Levels and vault maps discovered:
D:1:      dpeg_arrival_renting, layout_loops_ring,
          hellmonk_ecumenical_altar_heavens_door, serial_shops, shop
D:2:      layout_loops_ring, small_statue_intersection, minmay_small_reverse_x,
          uniq_natasha, uniq_robin
D:3:      layout_basic, uniq_jessica
D:4:      layout_basic, led_sif_pool, minmay_temple_entry_poolview,
          kennysheep_minor_cross, minmay_manual_mail
D:5:      layout_layer_cave, led_xom_imps, sword_in_stone
D:6:      layout_loops_ring, cheibrodos_worm_habitat,
          nicolae_uskayaw_murder_on_the_dancefloor, uniq_menkaure
D:7:      layout_loops_ring, gammafunk_temple_overflow_statue, enter_bailey_3
D:8:      layout_basic, overflow_temple_1_default
D:9:      nzn_winding_woodlands_three_and_one
          [nzn_winding_woodlands_5x15_lazy_stream,
          nzn_winding_woodlands_5x15_sawtooth,
          nzn_winding_woodlands_5x15_jagged,
          nzn_winding_woodlands_center_pierced_h], layout_rooms,
          mainiacjoe_overflow_alcove_4, nicolae_vehumet_radiance,
          dpeg_lair_monsters
Temple:   minmay_temple_bridge_abc

Skill      XL: |  1  2  3  4  5  6  7  8  9 10 11 |
---------------+----------------------------------+-----
Stealth        | 6 7 8 9 10 12 14 15 | 15.8
Dodging        | 2 3 4 5 6 8 9 10 | 10.0
Fighting       | 2 3 4 5 |  5.3
Slings         | 1 2 3 5 6 8 |  8.1
Short Blades   | 3 4 5 6 |  6.8
Evocations     | 2 5 8 9 |  9.7
Throwing       | 3 5 |  5.9
Shields        | 1 |  1.8
Spellcasting   | 4 |  4.7

Action                   |  1- 3 |  4- 6 |  7- 9 | 10-12 || total
-------------------------+-------+-------+-------+-------++-------
Melee: Dagger            |   117 |   205 |   239 |   176 ||   737
       Punch             |     2 |     8 |     3 |     4 ||    17
 Fire: Hunting sling     |       |    15 |    58 |   121 ||   194
Throw: Dart              |    21 |    27 |    44 |    35 ||   127
       Stone             |     1 |     3 |     2 |     5 ||    11
Invok: Call Merchant     |       |       |       |     1 ||     1
Evoke: Wand              |       |       |     7 |     4 ||    11
  Use: Scroll            |     1 |     8 |     3 |    13 ||    25
       Potion            |       |       |     4 |     2 ||     6
 Stab: Sleeping          |     9 |    24 |    18 |     9 ||    60
       Distracted        |       |       |     1 |     3 ||     4
Armor: Robe              |     7 |    25 |    11 |    10 ||    53
Dodge: Dodged            |    86 |   125 |   210 |   155 ||   576
